NCAA
KENTUCKY WILDCATS @ OREGON DUCKS
04/29/2029
 
TOP OF THE 1ST
Kentucky Wildcats batting - Pitching for Oregon Ducks : RHP Larry Messer
Pitching: RHP Larry Messer
Batting: RHB Lewis Childress 0-0: Ball
1-0: Called Strike
1-1: Swinging Strike
1-2: Ball
2-2: Foul Ball, location: 2F
2-2: Foul Ball, location: 2F
2-2: Strikes out swinging
Batting: RHB Haywood Young 0-0: SINGLE (Line Drive, 6D)
Batting: SHB Russ Beasley 0-0: Called Strike
0-1: Called Strike
0-2: Foul Ball, location: 2F
0-2: Foul Ball, location: 2F
0-2: Strikes out swinging
Batting: LHB Caden Cleveland 0-0: Foul Ball, location: 2F
0-1: Called Strike
0-2: Strikes out swinging
Top of the 1st over - 0 runs, 1 hit, 0 errors, 1 left on base; Kentucky 0 - Oregon 0
BOTTOM OF THE 1ST
Oregon Ducks batting - Pitching for Kentucky Wildcats : LHP Matthew Samuels
Pitching: LHP Matthew Samuels
Batting: RHB Robin Mitchell 0-0: Called Strike
0-1: Ball
1-1: Ball
2-1: Fly out, F8 (Flyball, 78M)
Batting: RHB Scott Elliott 0-0: Ball
1-0: Ball
2-0: Ball
3-0: Called Strike
3-1: Foul Ball, location: 2F
3-2: DOUBLE (Flyball, 78D)
Batting: SHB Martin Goodwin 0-0: 2-RUN HOME RUN (Flyball, 7D), Distance : 346 ft
Batting: RHB Diego Molina 0-0: Called Strike
0-1: Ball
1-1: Called Strike
1-2: Fly out, F8 (Flyball, 8RM)
Batting: RHB Greg Huggins 0-0: Called Strike
0-1: Foul Ball, location: 2F
0-2: Ball
1-2: Foul Ball, location: 2F
1-2: Strikes out looking
Bottom of the 1st over - 2 runs, 2 hits, 0 errors, 0 left on base; Kentucky 0 - Oregon 2
TOP OF THE 2ND
Kentucky Wildcats batting - Pitching for Oregon Ducks : RHP Larry Messer
Batting: RHB Gabriel Sánchez 0-0: Ball
1-0: Ball
2-0: Ball
3-0: Called Strike
3-1: Fly out, F8 (Flyball, 8LD)
Batting: RHB Ken Jenkins 0-0: Called Strike
0-1: Swinging Strike
0-2: Foul Ball, location: 2F
0-2: Reaches on Catchers interference
Batting: RHB Sam Robinson 0-0: SINGLE (Groundball, 4MD)
Ken Jenkins to second
Batting: RHB Jacob Burke 0-0: Called Strike
0-1: Ball
1-1: Swinging Strike
1-2: Ball
2-2: Ball
3-2: Base on Balls
Ken Jenkins to third
Sam Robinson to second
Batting: RHB Billy Forbes 0-0: Ball
1-0: Ball
2-0: Ball
3-0: Base on Balls
Ken Jenkins scores
Sam Robinson to third
Jacob Burke to second
Pitching: RHP Wally O'Dowling
Batting: RHB Lewis Childress 0-0: Called Strike
0-1: Ball
1-1: Ball
2-1: Foul Ball, location: 2F
2-2: Strikes out swinging
Batting: RHB Haywood Young 0-0: Called Strike
0-1: Ball
1-1: Ball
2-1: Fielders Choice at 2nd, 6-4 (Groundball, 6)
Top of the 2nd over - 1 run, 1 hit, 1 error, 3 left on base; Kentucky 1 - Oregon 2
BOTTOM OF THE 2ND
Oregon Ducks batting - Pitching for Kentucky Wildcats : LHP Matthew Samuels
Batting: RHB Ed Hines 0-0: Ground out 4-3 (Groundball, 4MS)
Batting: LHB Kay Hennessey 0-0: Foul Ball, location: 2F
0-1: Ball
1-1: Ground out 4-3 (Groundball, 4)
Batting: RHB Tim Smith 0-0: Called Strike
0-1: Swinging Strike
0-2: Strikes out looking
Bottom of the 2nd over - 0 runs, 0 hits, 0 errors, 0 left on base; Kentucky 1 - Oregon 2
TOP OF THE 3RD
Kentucky Wildcats batting - Pitching for Oregon Ducks : RHP Wally O'Dowling
Batting: SHB Russ Beasley 0-0: Called Strike
0-1: Swinging Strike
0-2: Ball
1-2: Ball
2-2: Ball
3-2: Strikes out swinging
Batting: LHB Caden Cleveland 0-0: Foul Ball, location: 2F
0-1: Ball
1-1: Swinging Strike
1-2: Foul Ball, location: 2F
1-2: Strikes out swinging
Batting: RHB Gabriel Sánchez 0-0: Ball
1-0: Ball
2-0: Ball
3-0: Called Strike
3-1: Foul Ball, location: 2F
3-2: SINGLE (Line Drive, 56)
Batting: RHB Ken Jenkins 0-0: Ball
Gabriel Sánchez steals 2nd base
1-0: Fly out, F5 (Line Drive, 5L)
Top of the 3rd over - 0 runs, 1 hit, 0 errors, 1 left on base; Kentucky 1 - Oregon 2
BOTTOM OF THE 3RD
Oregon Ducks batting - Pitching for Kentucky Wildcats : LHP Matthew Samuels
Batting: LHB Jerry López 0-0: Ball
1-0: Ball
2-0: Called Strike
2-1: Ball
3-1: Base on Balls
Batting: RHB Robin Mitchell 0-0: Foul Ball, location: 2F
0-1: Called Strike
0-2: Ball
1-2: Foul Ball, location: 2F
1-2: Ball
2-2: Fly out, F3 (Popup, 3L)
Batting: RHB Scott Elliott 0-0: Ground out U3 (Groundball, 3S)
Jerry López to second
Batting: SHB Martin Goodwin 0-0: Ball
1-0: Ball
2-0: Ball
3-0: Base on Balls
Batting: RHB Diego Molina 0-0: Called Strike
0-1: Fly out, F5 (Line Drive, 5S)
Bottom of the 3rd over - 0 runs, 0 hits, 0 errors, 2 left on base; Kentucky 1 - Oregon 2
TOP OF THE 4TH
Kentucky Wildcats batting - Pitching for Oregon Ducks : RHP Wally O'Dowling
Batting: RHB Sam Robinson 0-0: Ball
1-0: Ball
2-0: Foul Ball, location: 2F
2-1: Foul Ball, location: 2F
2-2: Foul Ball, location: 2F
2-2: Foul Ball, location: 2F
2-2: Strikes out swinging
Batting: RHB Jacob Burke 0-0: Called Strike
0-1: Ball
1-1: Foul Ball, location: 2F
1-2: Foul Ball, location: 2F
1-2: Ball
2-2: Foul Ball, location: 2F
2-2: Ball
3-2: Base on Balls
Batting: RHB Billy Forbes 0-0: Called Strike
0-1: Fly out, F4 (Line Drive, 4)
Batting: RHB Lewis Childress 0-0: Foul Ball, location: 2F
0-1: Ball
1-1: Ball
2-1: Foul Ball, location: 2F
2-2: Strikes out looking
Top of the 4th over - 0 runs, 0 hits, 0 errors, 1 left on base; Kentucky 1 - Oregon 2
BOTTOM OF THE 4TH
Oregon Ducks batting - Pitching for Kentucky Wildcats : LHP Matthew Samuels
Batting: RHB Greg Huggins 0-0: Ground out 5-3 (Groundball, 5)
Batting: RHB Ed Hines 0-0: Called Strike
0-1: Swinging Strike
0-2: Strikes out swinging
Batting: LHB Kay Hennessey 0-0: SOLO HOME RUN (Line Drive, 89XD), Distance : 380 ft
Batting: RHB Tim Smith 0-0: Ball
1-0: Ground out 3-1 (Groundball, 34S)
Bottom of the 4th over - 1 run, 1 hit, 0 errors, 0 left on base; Kentucky 1 - Oregon 3
TOP OF THE 5TH
Kentucky Wildcats batting - Pitching for Oregon Ducks : RHP Wally O'Dowling
Batting: RHB Haywood Young 0-0: Called Strike
0-1: Swinging Strike
0-2: Strikes out swinging
Batting: SHB Russ Beasley 0-0: Foul Ball, location: 2F
0-1: Foul Ball, location: 2F
0-2: Ball
1-2: Foul Ball, location: 2F
1-2: Ball
2-2: Foul Ball, location: 2F
2-2: Ball
3-2: Fly out, F3 (Line Drive, 34)
Batting: LHB Caden Cleveland 0-0: Called Strike
0-1: Ball
1-1: Foul Ball, location: 2F
1-2: Ball
2-2: Ground out 4-3 (Groundball, 4)
Top of the 5th over - 0 runs, 0 hits, 0 errors, 0 left on base; Kentucky 1 - Oregon 3
BOTTOM OF THE 5TH
Oregon Ducks batting - Pitching for Kentucky Wildcats : LHP Matthew Samuels
Batting: LHB Jerry López 0-0: Called Strike
0-1: Called Strike
0-2: Ball
1-2: Strikes out swinging
Batting: RHB Robin Mitchell 0-0: Called Strike
0-1: DOUBLE (Flyball, 89D)
Batting: RHB Scott Elliott 0-0: Ball
1-0: Ball
2-0: Called Strike
2-1: Called Strike
2-2: Foul Ball, location: 2F
2-2: Strikes out swinging
Batting: SHB Martin Goodwin 0-0: Ball
1-0: Ball
2-0: Called Strike
2-1: Ball
3-1: Base on Balls
Batting: RHB Diego Molina 0-0: Called Strike
0-1: Ball
1-1: Swinging Strike
1-2: Strikes out swinging
Bottom of the 5th over - 0 runs, 1 hit, 0 errors, 2 left on base; Kentucky 1 - Oregon 3
TOP OF THE 6TH
Kentucky Wildcats batting - Pitching for Oregon Ducks : RHP Wally O'Dowling
Pitching: LHP Richard Taylor
Batting: RHB Gabriel Sánchez 0-0: Called Strike
0-1: TRIPLE (Line Drive, 9D)
Batting: RHB Ken Jenkins 0-0: Ball
1-0: Foul Ball, location: 2F
1-1: Called Strike
1-2: Strikes out looking
Batting: RHB Sam Robinson 0-0: Called Strike
0-1: Called Strike
0-2: Ball
1-2: Strikes out looking
Batting: RHB Jacob Burke 0-0: Ball
1-0: Ball
2-0: Called Strike
2-1: Ball
3-1: Foul Ball, location: 2F
3-2: Foul Ball, location: 2F
3-2: Base on Balls
Batting: RHB Billy Forbes 0-0: SINGLE (Groundball, 34D)
Gabriel Sánchez scores
Jacob Burke to second
Runner from 2nd tries for 3rd, SAFE, no throw
Batting: RHB Lewis Childress 0-0: Ball
1-0: Swinging Strike
1-1: Called Strike
1-2: Ball
2-2: Fly out, F7 (Flyball, 78D)
Top of the 6th over - 1 run, 2 hits, 0 errors, 2 left on base; Kentucky 2 - Oregon 3
BOTTOM OF THE 6TH
Oregon Ducks batting - Pitching for Kentucky Wildcats : LHP Matthew Samuels
Batting: RHB Greg Huggins 0-0: Foul Ball, location: 2F
0-1: Ground out 6-3 (Groundball, 6)
Batting: RHB Ed Hines 0-0: Ball
1-0: Foul Ball, location: 2F
1-1: DOUBLE (Line Drive, 9)
Batting: LHB Kay Hennessey 0-0: Ground out U3 (Groundball, 3)
Ed Hines to third
Batting: RHB Tim Smith 0-0: Ball
1-0: Swinging Strike
1-1: Ground out 5-3 (Groundball, 56)
Bottom of the 6th over - 0 runs, 1 hit, 0 errors, 1 left on base; Kentucky 2 - Oregon 3
TOP OF THE 7TH
Kentucky Wildcats batting - Pitching for Oregon Ducks : LHP Richard Taylor
Batting: RHB Haywood Young 0-0: Called Strike
0-1: Called Strike
0-2: Strikes out looking
Batting: SHB Russ Beasley 0-0: Ground out 5-3 (Groundball, 56S)
Batting: LHB Caden Cleveland 0-0: SOLO HOME RUN (Flyball, 9D), Distance : 349 ft
Batting: RHB Gabriel Sánchez 0-0: Ball
1-0: Ball
2-0: DOUBLE (Flyball, 89D)
Pinch Hitting: RHB Johnny Carson 0-0: Ball
1-0: Ball
2-0: Ball
3-0: Base on Balls
Batting: RHB Sam Robinson 0-0: Ball
1-0: Ball
2-0: Ball
3-0: Base on Balls
Gabriel Sánchez to third
Johnny Carson to second
Batting: RHB Jacob Burke 0-0: Called Strike
0-1: DOUBLE (Groundball, 3L)
Gabriel Sánchez scores
Johnny Carson scores
Sam Robinson to third
Pitching: RHP Jason McBride
Batting: RHB Billy Forbes 0-0: Ball
1-0: Ball
2-0: Called Strike
2-1: Ground out 4-3 (Groundball, 4)
Top of the 7th over - 3 runs, 3 hits, 0 errors, 2 left on base; Kentucky 5 - Oregon 3
BOTTOM OF THE 7TH
Oregon Ducks batting - Pitching for Kentucky Wildcats : LHP Matthew Samuels
Pitching: RHP Ron Lambert
Now at 3B: Johnny Carson
Batting: LHB Jerry López 0-0: Swinging Strike
0-1: Foul Ball, location: 2F
0-2: Ball
1-2: Strikes out swinging
Batting: RHB Robin Mitchell 0-0: Ball
1-0: Ball
2-0: Ball
3-0: Called Strike
3-1: Base on Balls
Batting: RHB Scott Elliott 0-0: Foul Ball, location: 2F
0-1: Ball
1-1: Ball
2-1: Fly out, F7 (Flyball, 7S)
Batting: SHB Martin Goodwin 0-0: Ball
1-0: Foul Ball, location: 2F
1-1: Ball
2-1: Ball
3-1: Foul Ball, location: 2F
3-2: Ground out 1-3 (Groundball, 13S)
Bottom of the 7th over - 0 runs, 0 hits, 0 errors, 1 left on base; Kentucky 5 - Oregon 3
TOP OF THE 8TH
Kentucky Wildcats batting - Pitching for Oregon Ducks : RHP Jason McBride
Batting: RHB Lewis Childress 0-0: Ball
1-0: Ball
2-0: Ball
3-0: Called Strike
3-1: Base on Balls
Batting: RHB Haywood Young 0-0: Ball
1-0: Ball
2-0: Ball
3-0: Base on Balls
Lewis Childress to second
Batting: SHB Russ Beasley 0-0: Called Strike
0-1: Called Strike
0-2: Fielders Choice at 2nd, 3-6 (Groundball, 34)
Lewis Childress to third
Batting: LHB Caden Cleveland 0-0: Ball
1-0: Foul Ball, location: 2F
1-1: Called Strike
Russ Beasley is caught stealing 2nd base
1-2: Ball
2-2: Ball
3-2: Base on Balls
Batting: RHB Gabriel Sánchez 0-0: Called Strike
0-1: Foul Ball, location: 2F
0-2: Foul Ball, location: 2F
0-2: Ball
1-2: Foul Ball, location: 2F
1-2: Ball
2-2: SINGLE (Line Drive, 8LS)
Lewis Childress scores
Caden Cleveland to second
Batting: RHB Johnny Carson 0-0: Ground out 4-3 (Groundball, 34)
Top of the 8th over - 1 run, 1 hit, 0 errors, 2 left on base; Kentucky 6 - Oregon 3
BOTTOM OF THE 8TH
Oregon Ducks batting - Pitching for Kentucky Wildcats : RHP Ron Lambert
Batting: RHB Diego Molina 0-0: Called Strike
0-1: Ball
1-1: Ball
2-1: Foul Ball, location: 2F
2-2: Strikes out looking
Batting: RHB Greg Huggins 0-0: Called Strike
0-1: Ball
1-1: Called Strike
1-2: Ground out 6-3 (Groundball, 6S)
Batting: RHB Ed Hines 0-0: Ball
1-0: Ball
2-0: Called Strike
2-1: Foul Ball, location: 2F
2-2: Strikes out looking
Bottom of the 8th over - 0 runs, 0 hits, 0 errors, 0 left on base; Kentucky 6 - Oregon 3
TOP OF THE 9TH
Kentucky Wildcats batting - Pitching for Oregon Ducks : RHP Jason McBride
Batting: RHB Sam Robinson 0-0: Ball
1-0: Ball
2-0: Ball
3-0: Called Strike
3-1: Base on Balls
Batting: RHB Jacob Burke 0-0: Sac Bunt - play at first, batter OUT! 1-3
Sam Robinson to second
Batting: RHB Billy Forbes 0-0: Called Strike
0-1: Swinging Strike
0-2: Foul Ball, location: 2F
0-2: Foul Ball, location: 2F
0-2: Strikes out swinging
Batting: RHB Lewis Childress 0-0: Ground out U3 (Groundball, 34)
Top of the 9th over - 0 runs, 0 hits, 0 errors, 1 left on base; Kentucky 6 - Oregon 3
BOTTOM OF THE 9TH
Oregon Ducks batting - Pitching for Kentucky Wildcats : RHP Ron Lambert
Batting: LHB Kay Hennessey 0-0: Called Strike
0-1: Ball
1-1: Ball
2-1: Ball
3-1: Base on Balls
Batting: RHB Tim Smith 0-0: Ball
1-0: Ball
2-0: Ball
3-0: Called Strike
3-1: Base on Balls
Kay Hennessey to second
Pitching: LHP Paul Seymour
Pinch Hitting: RHB Jason Wheeler 0-0: Ground out U3 (Groundball, 23)
Kay Hennessey to third
Tim Smith to second
Batting: RHB Robin Mitchell 0-0: Called Strike
0-1: Ball
1-1: Fly out, F8 (Flyball, 8LM)
Runner from 3rd tags up, SCORES, no throw
Batting: RHB Scott Elliott 0-0: Swinging Strike
0-1: Ball
Wild Pitch!
Tim Smith to third
1-1: Swinging Strike
1-2: Foul Ball, location: 2F
1-2: Foul Ball, location: 2F
1-2: Ball
2-2: Ball
3-2: 2-RUN HOME RUN (Flyball, 7D), Distance : 356 ft
Batting: SHB Martin Goodwin 0-0: Ball
1-0: Ball
2-0: Foul Ball, location: 2F
2-1: Foul Ball, location: 2F
2-2: Ball
3-2: Base on Balls
Batting: RHB Diego Molina 0-0: Ball
1-0: Called Strike
1-1: Ball
2-1: Fly out, F8 (Line Drive, 89D)
Bottom of the 9th over - 3 runs, 1 hit, 0 errors, 1 left on base; Kentucky 6 - Oregon 6
TOP OF THE 10TH
Kentucky Wildcats batting - Pitching for Oregon Ducks : RHP Jason McBride
Pitching: RHP Mike Sceviour
Now at 1B: Jason Wheeler
Batting: RHB Haywood Young 0-0: Ball
1-0: Ball
2-0: Called Strike
2-1: Called Strike
2-2: Ground out 6-3 (Groundball, 6M)
Batting: SHB Russ Beasley 0-0: Ball
1-0: Fly out, F8 (Flyball, 8RM)
Pitching: RHP Albert Aguilar
Batting: LHB Caden Cleveland 0-0: Ball
1-0: Ground out 4-3 (Groundball, 4D)
Top of the 10th over - 0 runs, 0 hits, 0 errors, 0 left on base; Kentucky 6 - Oregon 6
BOTTOM OF THE 10TH
Oregon Ducks batting - Pitching for Kentucky Wildcats : LHP Paul Seymour
Batting: RHB Greg Huggins 0-0: Ball
1-0: Foul Ball, location: 2F
1-1: Swinging Strike
1-2: Fly out, F9 (Flyball, 9)
Batting: RHB Ed Hines 0-0: Ball
1-0: Called Strike
1-1: Swinging Strike
1-2: Strikes out swinging
Batting: LHB Kay Hennessey 0-0: Ball
1-0: Ground out 1-3 (Groundball, 15S)
Bottom of the 10th over - 0 runs, 0 hits, 0 errors, 0 left on base; Kentucky 6 - Oregon 6
TOP OF THE 11TH
Kentucky Wildcats batting - Pitching for Oregon Ducks : RHP Albert Aguilar
Batting: RHB Gabriel Sánchez 0-0: Foul Ball, location: 2F
0-1: Called Strike
0-2: SINGLE (Line Drive, 78M)
Batting: RHB Johnny Carson 0-0: Called Strike
0-1: Ball
1-1: Ball
2-1: SINGLE (Groundball, 6MD)
Gabriel Sánchez to second
Batting: RHB Sam Robinson 0-0: Called Strike
0-1: Swinging Strike
0-2: Ball
1-2: Ball
2-2: Ball
3-2: Foul Ball, location: 2F
3-2: Base on Balls
Gabriel Sánchez to third
Johnny Carson to second
Pinch Hitting: RHB Andy Johnston 0-0: Called Strike
0-1: Called Strike
0-2: Strikes out swinging
Batting: RHB Billy Forbes 0-0: Called Strike
0-1: Swinging Strike
0-2: Ball
1-2: Foul Ball, location: 2F
1-2: Ball
2-2: Strikes out swinging
Batting: RHB Lewis Childress 0-0: Ball
1-0: Ball
2-0: Ball
3-0: Called Strike
3-1: Called Strike
3-2: TRIPLE (Flyball, 8RXD)
Gabriel Sánchez scores
Johnny Carson scores
Sam Robinson scores
Pitching: RHP Roy Wellon
Batting: RHB Haywood Young 0-0: Called Strike
0-1: Foul Ball, location: 2F
0-2: Strikes out looking
Top of the 11th over - 3 runs, 3 hits, 0 errors, 1 left on base; Kentucky 9 - Oregon 6
BOTTOM OF THE 11TH
Oregon Ducks batting - Pitching for Kentucky Wildcats : LHP Paul Seymour
Pitching: RHP Pedro Flores
Now at C: Ken Walsh
Batting: RHB Tim Smith 0-0: Ground out 5-3 (Groundball, 56S)
Batting: RHB Jason Wheeler 0-0: Called Strike
0-1: Foul Ball, location: 2F
0-2: Ball
1-2: Strikes out looking
Batting: RHB Robin Mitchell 0-0: Ball
1-0: Called Strike
1-1: Ground out 6-3 (Groundball, 6S)
Bottom of the 11th over - 0 runs, 0 hits, 0 errors, 0 left on base; Kentucky 9 - Oregon 6
Saturday, December 16th, 2017 - OOTP Baseball 18.8 Build 76